 Dungeon Crawl Stone Soup version 0.19.5 (webtiles) character file.

178 Peloso the Shield-Bearer (level 5, 0/47 HPs)
             Began as a Minotaur Fighter on Apr 17, 2017.
             Killed by divine providence
             ... invoked by an orc priest
              (12 damage)
             ... on level 3 of the Dungeon.
             The game lasted 00:03:42 (1917 turns).

Peloso the Shield-Bearer (Minotaur Fighter)         Turns: 1917, Time: 00:03:43

Health: 0/47       AC:  9    Str: 25    XL:     5   Next: 32%
Magic:  4/4        EV:  6    Int:  5    God:
Gold:   123        SH: 10    Dex: 11    Spells: 0 memorised, 4 levels left

rFire  . . .     SeeInvis .     a - +0 long sword
rCold  . . .     Gourm    .     o - +0 chain mail
rNeg   . . .     Faith    .     c - +0 shield
rPois  .         Spirit   .     (helmet restricted)
rElec  .         Reflect  .     (no cloak)
rCorr  .         Harm     .     (no gloves)
MR     .....                    (no boots)
Stlth  ..........               (no amulet)
                                (no ring)
                                (no ring)

@: mighty
A: retaliatory headbutt, horns 2
a: no special abilities


You were on level 3 of the Dungeon.
You were not hungry.

You visited 1 branch of the dungeon, and saw 3 of its levels.

You collected 123 gold pieces.

Inventory:

Hand Weapons
 a - a +0 long sword (weapon)
 k - a cursed +0 whip
Armour
 b - a +0 scale mail
 c - a +0 shield (worn)
 o - a +0 chain mail (worn)
Wands
 q - a wand of lightning (4/15)
Scrolls
 e - 5 scrolls of remove curse {unknown}
 j - 2 scrolls of magic mapping {unknown}
 l - 4 scrolls of identify {unknown}
Potions
 g - a potion of berserk rage {unknown}
 h - a potion of magic {unknown}
 m - a potion of cure mutation {unknown}
 r - a potion of heal wounds {unknown}
Comestibles
 f - 2 bread rations
 i - 2 slices of pizza
 n - a meat ration
 p - a beef jerky
 s - 2 chunks of flesh


   Skills:
 + Level 4.4 Fighting
 + Level 4.0 Long Blades
 + Level 4.7 Armour
 + Level 0.4 Dodging
 + Level 5.0 Shields


You had 4 spell levels left.
You didn't know any spells.

Dungeon Overview and Level Annotations

Branches:
Dungeon (3/15)

Altars:
Sif Muna
Zin


Innate Abilities, Weirdness & Mutations

You reflexively headbutt those who attack you in melee.
You have a pair of horns on your head.


Message History

You hit the adder. Your headbutt misses the adder.
The adder is moderately wounded.
The adder bites you.
* * * LOW HITPOINT WARNING * * *
The orc wizard mumbles some strange words.
The orc wizard blinks!
You slash the adder! Your headbutt misses the adder.
The adder is almost dead.
You block the adder's attack.
The orc priest begins to cast a cantrip, but forgets the words!
You block the adder's attack.
You hit the adder.
You kill the adder!
Your Long Blades skill increases to level 4!
You block the orc's attack.
Unknown command.
You barely miss the orc.
The orc priest invokes the aid of Beogh against you.
Beogh smites you!
You die...

#.# #.# #.###.# #.#...#
#.#.### .< ##########.#.# ###
##oo## #..........#.# ..#
..oS.. #.##########.#
##.##.##.# .
.........#.#.######........#.#
................@ooo....>....#
..##.###.#'#'######o..........
...#.####...........(.........
...#.#..'.....................
...#.#.##.....................
..##.#.....#########..........
...#.#####.# #..........
.#.#.....#'#########..........
.#.####...........##..........


You could see an orc priest, an orc wizard and 2 orcs.

Vanquished Creatures
  The ghost of RUZZLEFAZAZZLE the Chopper, a weakling HOFi (D:3)
  4 adders
  2 oozes
  2 worms (D:2)
  4 dart slugs
  2 leopard geckos
  2 orcs (D:3)
  5 giant cockroaches
  11 goblins
  8 hobgoblins
  8 jackals (D:2)
  2 ball pythons
  5 bats
  A frilled lizard (D:2)
  5 kobolds
  9 rats
71 creatures vanquished.

Notes
Turn   | Place    | Note
-------+----------+-------------------------------------------
     0 | D:1      | Peloso the Minotaur Fighter began the quest for the Orb.
     0 | D:1      | Reached XP level 1. HP: 19/19 MP: 0/0
    68 | D:1      | Reached XP level 2. HP: 23/27 MP: 1/1
   269 | D:1      | Reached skill level 4 in Shields
   488 | D:2      | Reached XP level 3. HP: 32/33 MP: 2/2
   945 | D:2      | Found a deep blue altar of Sif Muna.
  1033 | D:2      | Reached XP level 4. HP: 40/41 MP: 3/3
  1443 | D:3      | Found a glowing silver altar of Zin.
  1895 | D:3      | Noticed RUZZLEFAZAZZLE's ghost (weakling HOFi)
  1909 | D:3      | Killed RUZZLEFAZAZZLE's ghost
  1909 | D:3      | Reached skill level 5 in Shields
  1909 | D:3      | Reached XP level 5. HP: 13/47 MP: 4/4
  1917 | D:3      | Killed from afar by an orc priest

Skill      XL: |  1  2  3  4  5 |
---------------+----------------+-----
Fighting       | 4 |  4.4
Shields        | 4 5 |  5.0
Armour         | 4 |  4.7
Long Blades    | 3 4 |  4.0
Dodging        | |  0.4

Action                   |  1- 3 |  4- 6 || total
-------------------------+-------+-------++-------
Melee: Long sword        |   109 |    82 ||   191
       Headbutt          |    19 |    10 ||    29
  Use: Potion            |       |     1 ||     1
  Eat: Chunk             |       |     4 ||     4
Armor: Scale mail        |    58 |     8 ||    66
       Chain mail        |       |    41 ||    41
Dodge: Dodged            |    48 |    29 ||    77
Block: Shield            |    83 |    44 ||   127
       Rpst.: Long sword |    14 |     4 ||    18
